 Dungeon Crawl Stone Soup version 0.29-a0-553-g81b289dbe5 (webtiles) character file.

Game seed: 17284937470877126843

44 HessuHobo the Covered (level 3, 0/29 HPs)
             Began as a Human Fighter on June 6, 2022.
             Slain by an iguana (12 damage)
             ... on level 2 of the Dungeon.
             The game lasted 00:01:19 (1726 turns).

HessuHobo the Covered (Human Fighter)               Turns: 1726, Time: 00:01:19

Health: 0/29       AC:  6    Str: 18    XL:     3   Next: 87%
Magic:  3/3        EV:  9    Int:  8    God:
Gold:   90         SH:  4    Dex: 12    Spells: 2/2 levels left

rFire   . . .      SeeInvis .   a - +0 long sword
rCold   . . .      Faith    .   c - +0 buckler
rNeg    . . .      Spirit   .   b - +0 scale mail
rPois   .          Reflect  .   (no helmet)
rElec   .          Harm     .   (no cloak)
rCorr   .          Rampage  .   (no gloves)
Will    .....                   (no boots)
Stlth   ..........              (no amulet)
HPRegen 0.09/turn               (no ring)
MPRegen 0.08/turn               (no ring)

@: no status effects
A: no striking features
a: no special abilities


You were on level 2 of the Dungeon.
You visited 1 branch of the dungeon, and saw 2 of its levels.

You collected 90 gold pieces.

Inventory:

Hand Weapons
 a - a +0 long sword (weapon)
 i - a +1 short sword of protection
Armour
 b - a +0 scale mail (worn)
 c - a +0 buckler (worn)
Scrolls
 e - 2 scrolls of teleportation {unknown}
 f - a scroll of noise {unknown}
 g - 2 scrolls of identify {unknown}
 h - a scroll of vulnerability {unknown}
Potions
 d - a potion of might
 j - a potion of mutation {unknown}


   Skills:
 + Level 3.3 Fighting
 + Level 2.4 Long Blades
 + Level 3.3 Armour
 + Level 1.3 Stealth
 + Level 3.3 Shields


You had 2 spell levels left.
You didn't know any spells.
Your spell library was empty.

Dungeon Overview and Level Annotations

Branches:
Dungeon (2/15)

Altars:


Message History

An iguana comes into view.
You start waiting.
An iguana is nearby!
An iguana is nearby!
The iguana hisses angrily.
You hit the iguana but do no damage. The iguana closely misses you.
You hit the iguana.
The iguana is moderately wounded.
The iguana bites you!
You slash the iguana!
The iguana is severely wounded.
The iguana barely misses you. You block the iguana's attack.
You barely miss the iguana.
The iguana is severely wounded.
The iguana bites you.
You closely miss the iguana.
The iguana is severely wounded.
The iguana bites you. The iguana closely misses you.
You hit the iguana but do no damage.
The iguana is severely wounded.
You block the iguana's attack.
You barely miss the iguana.
The iguana is severely wounded.
The iguana bites you but does no damage.
You hit the iguana but do no damage.
The iguana is severely wounded.
The iguana bites you.
You hit the iguana but do no damage.
The iguana is severely wounded.
The iguana completely misses you. The iguana barely misses you.
You hit the iguana.
The iguana is almost dead.
The iguana barely misses you.
You closely miss the iguana.
The iguana is almost dead.
The iguana barely misses you.
You hit the iguana but do no damage.
The iguana is almost dead.
The iguana bites you!
You die...

.....##..##########.#
.....##..# .<...##..#
##.####..######## ##
##............... ###.#
.........#########.#..#
##.#####.# #.....# ##.##
#.########.#.#.###
#...####........@l.......
.........###.###.......#
#...########.###.......#
##.######......÷.........
.......##.#####÷.......##
...###.## #........#
.......... #...:......
######.##. #.###.#####
#.# .#


You could see an iguana.

Vanquished Creatures
  2 adders (D:2)
  A worm (D:2)
  A dart slug (D:1)
  An endoplasm (D:2)
  A giant cockroach (D:2)
  2 goblins (D:1)
  2 hobgoblins (D:1)
  2 jackals (D:1)
  A quokka (D:2)
  2 ball pythons (D:1)
  A bat (D:1)
  A frilled lizard (D:1)
  3 kobolds (D:1)
  3 rats
23 creatures vanquished.

Notes
Turn   | Place    | Note
-------+----------+-------------------------------------------
     0 | D:1      | HessuHobo the Human Fighter began the quest for the Orb.
     0 | D:1      | Reached XP level 1. HP: 18/18 MP: 1/1
   238 | D:1      | Reached XP level 2. HP: 22/24 MP: 2/2
   941 | D:2      | Reached skill level 1 in Stealth
   941 | D:2      | Reached XP level 3. HP: 29/29 MP: 3/3
  1726 | D:2      | Slain by an iguana

Illustrated notes

Levels and vault maps discovered:
D:1:      dpeg_arrival_snail, layout_basic
D:2:      layout_loops_ring, corexii_shack

Skill      XL: |  1  2 |
---------------+-------+-----
Stealth        | 1 |  1.3
Fighting       | |  3.3
Long Blades    | |  2.4
Armour         | |  3.3
Shields        | |  3.3

Action                   || total
-------------------------++-------
Melee: Long sword        ||   115
Armor: Scale mail        ||    44
Dodge: Dodged            ||    43
Block: Buckler           ||    30

Table legend: (Time is in decaauts)
 A = Elapsed time spent in this place.
 B = Non-inter-level travel time spent in this place.
 C = Inter-level travel time spent in this place.
 D = Time resting spent in this place.
 E = Time spent auto-exploring this place.
 F = Levels seen in this place.
 G = Mean time per level.
                   A        B        C        D        E       F      G
               +--------+--------+--------+--------+--------+-----+--------+
         Total |   1763 |   1755 |      8 |    898 |    622 |   2 |  881.5 |
       Dungeon |   1763 |   1755 |      8 |    898 |    622 |   2 |  881.5 |
               +--------+--------+--------+--------+--------+-----+--------+

Top non-repeatable levels by time:
     D:1: 931 daAuts
     D:2: 832 daAuts
